[Event "*** Titled Tuesday Blitz"]
[Site "Chess.com"]
[Date "2021.03.02"]
[Round "5"]
[White "AryanTari"]
[Black "Legendinunknown"]
[Result "1-0"]
[WhiteElo "2897"]
[BlackElo "2610"]
[TimeControl "180+1"]
[EndTime "10:53:41 PST"]
[Termination "AryanTari won by checkmate"]

1. c4 Nf6 2. Nc3 g6 3. g3 Bg7 4. Bg2 O-O 5. d4 d6 6. Nf3 Nbd7 7. O-O e5 8. b3 Re8 9. e4 exd4 10. Nxd4 Nc5 11. f3 a5 12. Be3 c6 13. Qd2 Qc7 14.
Rad1 h5 15. Nde2 h4 16. Qxd6 Qxd6 17. Rxd6 Ne6 18. Rfd1 hxg3 19. hxg3 Bf8 20. R6d3 Bc5 21. e5 Nd7 22. f4 Bxe3+ 23. Rxe3 Ndc5 24. Rd6 Ng7 25. Nd4 a4 26. b4 Nce6 27. Ne4 Nxd4 28. Nf6+ Kf8 29. Nxe8 Ndf5 30. Nc7 Rb8 31. Rd8+ Ke7 32. Red3 Ne6 33. Re8# 1-0

[Event "*** Titled Tuesday Blitz"]
[Site "Chess.com"]
[Date "2021.03.02"]
[Round "5"]
[White "Bongcloudtransvestit"]
[Black "m_ezat"]
[Result "0-1"]
[WhiteElo "2289"]
[BlackElo "2522"]
[TimeControl "180+1"]
[EndTime "10:53:41 PST"]
[Termination "m_ezat won by resignation"]

1. c4 Nf6 2. Nf3 g6 3. b3 Bg7 4.
Bb2 O-O 5. e3 c5 6. d3 Nc6 7. Nbd2 d5 8. cxd5 Qxd5 9. a3 b6 10.
Qc2 Ba6 11. Be2 Rfd8 12. Nc4 Rac8 13. O-O b5 14. e4 Qd7 15. Nce5 Nxe5 16. Nxe5 Qe6 17.
f4 Qd6 18. Rad1 Nd7 19. Ng4 Bxb2 20. Qxb2 Qd4+ 21. Qxd4 cxd4 22. Rc1 Nc5 23. b4 Nb3 24. Rxc8 Rxc8 25. Rb1 Rc3 26. Bd1 Nc1 27. Nf2 Nxd3 28. Rb3 Rxb3 29. Bxb3 Nxf4 0-1

[Event "*** Titled Tuesday Blitz"]
[Site "Chess.com"]
[Date "2021.03.02"]
[Round "5"]
[White "night_player"]
[Black "dbrankovic68"]
[Result "0-1"]
[WhiteElo "2176"]
[BlackElo "2472"]
[TimeControl "180+1"]
[EndTime "10:53:41 PST"]
[Termination "dbrankovic68 won by resignation"]

1. e4 c5 2. c3 d6 3. d4 Nf6 4. Bd3 Nc6 5. Nf3 cxd4 6. cxd4 g6 7. h3 Bg7 8. O-O O-O 9. Nc3 e5 10. d5 Nd4 11. Nxd4 exd4 12. Ne2 Nd7 13. b3 Re8 14.
Bb2 Qb6 15. Qd2 Nc5 16. f3 Bd7 17. Bc4 d3 18. Nd4 Nxe4 19. Qxd3 Ng3 20. Rfd1 Ne2+ 21. Kh1 Nxd4 22. Bxd4 Bxd4 23. Qxd4 Re1+ 24. Rxe1 Qxd4 25. Rad1 Qf6 26. Re4 Re8 27. Rde1 Rxe4 28. Rxe4 b5 29. Bf1 Kf8 30. Re2 b4 31. Rd2 Qa1 32. Kg1 Bb5 33.
Rf2 Bxf1 34. Rxf1 Qxa2 0-1

[Event "*** Titled Tuesday Blitz"]
[Site "Chess.com"]
[Date "2021.03.02"]
[Round "5"]
[White "Misticpikachu"]
[Black "Caracternin123"]
[Result "0-1"]
[WhiteElo "2408"]
[BlackElo "2611"]
[TimeControl "180+1"]
[EndTime "10:53:42 PST"]
[Termination "Caracternin123 won by checkmate"]

1. c4 e6 2. Nf3 d5 3. e3 Nf6 4.
Nc3 b6 5. b3 Bb7 6. Bb2 Nbd7 7.
Qc2 a6 8. Be2 Bd6 9. O-O O-O 10.
d4 Qe7 11. Rac1 c5 12. dxc5 bxc5 13. cxd5 exd5 14. Rfd1 Rac8 15. Qd2 Rfd8 16. Na4 Ne4 17. Qe1 Ndf6 18. Nc3 Ng4 19. Nxd5 Bxd5 20. Rxd5 Nxh2 21. Rh5 Ng4 22. Bxa6 Ra8 23. Bb7 Qxb7 24. Qd1 Bh2+ 25. Nxh2 Rxd1+ 26. Rxd1 Ngxf2 27. Rf1 Rxa2 28. Be5 Nf6 29.
Bxf6 Nh3+ 30. gxh3 Qg2# 0-1

[Event "*** Titled Tuesday Blitz"]
[Site "Chess.com"]
[Date "2021.03.02"]
[Round "5"]
[White "EvgenyT"]
[Black "johnathan113"]
[Result "1-0"]
[WhiteElo "2915"]
[BlackElo "2614"]
[TimeControl "180+1"]
[EndTime "10:53:45 PST"]
[Termination "EvgenyT won by resignation"]

1. c4 Nf6 2. Nc3 c5 3. Nf3 g6 4. d4 cxd4 5. Nxd4 Bg7 6. g3 O-O 7. Bg2 Nc6 8. O-O Qa5 9. Nb3 Qh5 10. e3 d6 11. Qxh5 Nxh5 12. Nd5 Bg4 13. Re1 Rac8 14. h3 Be6 15. Rb1 Nf6 16. e4 Rfe8 17.
Bg5 Nd7 18. Nd2 Bxd5 19. exd5 Nb4 20. Rxe7 Nb6 21. Rxb7 Nxa2 22. Rxa7 Nb4 23. b3 Nc2 24. Ne4 Rb8 25. Nxd6 Re2 26. Bf1 Re1 27. Rxe1 Nxe1 28. Be2 Bf8 29. Nxf7 Nc8 30. Rc7 1-0

[Event "*** Titled Tuesday Blitz"]
[Site "Chess.com"]
[Date "2021.03.02"]
[Round "5"]
[White "losersgame"]
[Black "karinachess1"]
[Result "0-1"]
[WhiteElo "2325"]
[BlackElo "2514"]
[TimeControl "180+1"]
[EndTime "10:53:45 PST"]
[Termination "karinachess1 won on time"]

1. d4 Nf6 2. c4 g6 3. Nc3 Bg7 4. e4 d6 5. f3 O-O 6. Be3 c6 7.
Bd3 a6 8. a4 a5 9. Nge2 e5 10. d5 Na6 11. Rc1 Nd7 12. O-O Ndc5 13. Bb1 f5 14. exf5 gxf5 15. f4 e4 16. Nd4 Nb4 17. g4 fxg4 18. f5 Qh4 19. Nxe4 Nxe4 20. Bxe4 g3 21. Qd2 gxh2+ 22. Qxh2 Qxe4 0-1

[Event "*** Titled Tuesday Blitz"]
[Site "Chess.com"]
[Date "2021.03.02"]
[Round "5"]
[White "Piacramling"]
[Black "andriipalchuk"]
[Result "0-1"]
[WhiteElo "2293"]
[BlackElo "2542"]
[TimeControl "180+1"]
[EndTime "10:53:45 PST"]
[Termination "andriipalchuk won by resignation"]

1. d4 Nf6 2. c4 e6 3. Nc3 Bb4 4. e3 O-O 5. Ne2 d5 6. a3 Be7 7.
cxd5 exd5 8. Nf4 c6 9. Bd3 Re8 10. O-O Nbd7 11. b4 b5 12. Bd2 Nb6 13. a4 a6 14. axb5 axb5 15. Rxa8 Nxa8 16. Qb1 Nb6 17. Rc1 Nc4 18. Be1 Bd6 19. g3 h6 20. Bf1 Bd7 21. Bg2 Ng4 22. Nce2 Qe7 23. Qb3 Ra8 24. Nd3 Ra3 25.
Qb1 Ngxe3 26. fxe3 Qxe3+ 27. Nf2 Qxe2 28. Rc2 Qe7 29. Qc1 Bf5 30. Rc3 Ra2 31. Qd1 Bxb4 32. Rf3 0-1

[Event "*** Titled Tuesday Blitz"]
[Site "Chess.com"]
[Date "2021.03.02"]
[Round "5"]
[White "juancruzarias"]
[Black "JulianProleiko"]
[Result "1-0"]
[WhiteElo "2632"]
[BlackElo "2416"]
[TimeControl "180+1"]
[EndTime "10:53:46 PST"]
[Termination "juancruzarias won by resignation"]

1. d4 Nf6 2. Nd2 d5 3. Ngf3 c5 4. e3 g6 5. c3 Bg7 6. Bd3 O-O 7. Ne5 b6 8. Qe2 Qc7 9. O-O Nc6 10. f4 Bf5 11.
Bxf5 gxf5 12. Kh1 e6 13. Rg1 Kh8 14. h3 Ne4 15. Nxe4 fxe4 16. Nxc6 Qxc6 17. Bd2 cxd4 18. exd4 b5 19. a3 Qc4 20. Qf2 f6 21. f5 e5 22.
Be3 a5 23. Rac1 Rac8 24. g4 Qb3 25. g5 fxg5 26. Rxg5 Bf6 27. dxe5 Bxe5 28. Bd4 Bf6 29. Rcg1 Qc4 30. Rg8+ Rxg8 31. Bxf6+ Rg7 32. Bxg7+ Kg8 33. Bd4+ Kf7 34. Qg3 1-0

[Event "*** Titled Tuesday Blitz"]
[Site "Chess.com"]
[Date "2021.03.02"]
[Round "5"]
[White "chessdjw"]
[Black "Arkady_Gitelson"]
[Result "1-0"]
[WhiteElo "2753"]
[BlackElo "2564"]
[TimeControl "180+1"]
[EndTime "10:53:48 PST"]
[Termination "chessdjw won by resignation"]

1. d4 Nf6 2. c4 g6 3. Nc3 Bg7 4. e4 d6 5. Be2 O-O 6. Nf3 Nbd7 7. O-O e5 8. Bg5 h6 9. Bh4 c6 10. d5 Qc7 11. Rc1 Nc5 12. Bxf6 Bxf6 13. b4 Na6 14. a3 Be7 15. Qd2 Kg7 16. Rfd1 f5 17. c5 Rd8 18.
Bxa6 bxa6 19. dxc6 Qxc6 20. Nd5 Bf8 21. cxd6 Qxd6 22. Qb2 Kh7 23. Qxe5 Qxe5 24. Nxe5 Bg7 25. Nc6 Rd6 26. e5 Rd7 27. e6 Rd6 28. Nf6+ 1-0

[Event "*** Titled Tuesday Blitz"]
[Site "Chess.com"]
[Date "2021.03.02"]
[Round "5"]
[White "sau6on"]
[Black "schondeln"]
[Result "1-0"]
[WhiteElo "2608"]
[BlackElo "2394"]
[TimeControl "180+1"]
[EndTime "10:53:49 PST"]
[Termination "sau6on won by resignation"]

1. e4 d5 2. exd5 Qxd5 3. Nf3 Bg4 4. Be2 Nc6 5. d4 O-O-O 6. c4 Qh5 7. Be3 e5 8. d5 Bb4+ 9. Nbd2 Bxd2+ 10. Qxd2 Nce7 11.
Qc3 f6 12. h3 Bxf3 13. Bxf3 Qg6 14. Bxa7 e4 15. Be2 Qxg2 16. O-O-O Nh6 17. Rdg1 Qxf2 18.
Bxf2 1-0

[Event "*** Titled Tuesday Blitz"]
[Site "Chess.com"]
[Date "2021.03.02"]
[Round "5"]
[White "Msb2"]
[Black "krzyzan94"]
[Result "1-0"]
[WhiteElo "2892"]
[BlackElo "2716"]
[TimeControl "180+1"]
[EndTime "10:53:51 PST"]
[Termination "Msb2 won by resignation"]

1. d4 Nf6 2. Nf3 g6 3. Nc3 d5 4. Bf4 Bg7 5. e3 O-O 6. Nb5 Na6 7. h3 c6 8. Nc3 c5 9. Nb5 Bd7 10. c3 Qb6 11. a4 Rfc8 12. Be2 c4 13. b3 Bxb5 14.
axb5 Qxb5 15. Nd2 Qc6 16. O-O cxb3 17. Qxb3 Qxc3 18. Qxb7 Nc5 19. dxc5 Qxd2 20. Rxa7 Rxa7 21. Qxc8+ Bf8 22. Bh6 Nd7 23. c6 Qa5 24. cxd7 Ra8 25. Bxf8 1-0

[Event "*** Titled Tuesday Blitz"]
[Site "Chess.com"]
[Date "2021.03.02"]
[Round "5"]
[White "romulocardoso"]
[Black "Eloist"]
[Result "0-1"]
[WhiteElo "2114"]
[BlackElo "2331"]
[TimeControl "180+1"]
[EndTime "10:53:55 PST"]
[Termination "Eloist won by checkmate"]

1. e4 e6 2. d4 d5 3. exd5 exd5 4. c4 Nf6 5. Nc3 Be7 6. Nf3 O-O 7. Bd3 dxc4 8. Bxc4 Nbd7 9. O-O Nb6 10. Bb3 c6 11. a4 Nbd5 12. Re1 Be6 13. Bg5 Nc7 14. Ne4 Bxb3 15.
Qxb3 Nxe4 16. Bxe7 Qxe7 17. Ne5 Nd6 18. Ng6 Qd7 19.
Nxf8 Rxf8 20. a5 Ndb5 21. Rad1 Nxd4 22. Qxb7 c5 23. Qxa7 Qc6 24. Rc1 Nce6 25. b4 Nf4 26. Rxc5 Qxg2# 0-1

[Event "*** Titled Tuesday Blitz"]
[Site "Chess.com"]
[Date "2021.03.02"]
[Round "5"]
[White "dragos420"]
[Black "NTBT_DHS"]
[Result "0-1"]
[WhiteElo "2527"]
[BlackElo "2766"]
[TimeControl "180+1"]
[EndTime "10:53:57 PST"]
[Termination "NTBT_DHS won by resignation"]

1. e4 g6 2. d4 Bg7 3. Nc3 a6 4.
f4 d5 5. e5 Nh6 6. Nf3 Bg4 7.
Be2 Nc6 8. Be3 Nf5 9. Qd2 Nxe3 10. Qxe3 e6 11. O-O-O Qe7 12. h3 Bxf3 13. Bxf3 Na5 14.
Be2 b5 15. Kb1 Nc4 16. Bxc4 bxc4 17. g4 Rb8 18. Rdf1 Bf8 19. Nd1 c5 20. f5 cxd4 21.
Qxd4 Qc5 22. Qf4 Rb7 23. fxe6 fxe6 24. Qf6 Bg7 25. Qxe6+ Re7 26. Qxa6 Bxe5 27. Qa8+ Kd7 28. Qb7+ Ke6 29. Qa6+ Qd6 30. Qxd6+ Kxd6 31. Re1 Rb8 32. h4 Bxb2 33. Nxb2 Reb7 34. Ka1 Rxb2 35. Rb1 c3 36. Rxb2 Rxb2 37. Rh2 d4 38. a4 Kc5 0-1

[Event "*** Titled Tuesday Blitz"]
[Site "Chess.com"]
[Date "2021.03.02"]
[Round "5"]
[White "igorcadilhac"]
[Black "heyjohnnypark"]
[Result "0-1"]
[WhiteElo "2408"]
[BlackElo "2609"]
[TimeControl "180+1"]
[EndTime "10:53:57 PST"]
[Termination "heyjohnnypark won by resignation"]

1. e4 e6 2. d4 d5 3. Nd2 a5 4. e5 a4 5. Bd3 c5 6. c3 Nc6 7. Ne2 cxd4 8. cxd4 Qb6 9. Nf3 Bb4+ 10. Bd2 Nge7 11. O-O Bxd2 12. Qxd2 h6 13. Rac1 Bd7 14. Rc5 Nxd4 15. Rfc1 Nxf3+ 16. gxf3 O-O 17. Rc7 Rfd8 18.
R7c3 Rac8 19. Ng3 Rxc3 20. Rxc3 Rc8 21. Rxc8+ Bxc8 22. Nh5 Qc5 23. Qf4 Ng6 24. Qxa4 Qc1+ 25. Kg2 Qg5+ 26. Ng3 Nf4+ 27. Kg1 Nxd3 28. Qe8+ Kh7 29.
Qxc8 Qd2 30. Kg2 Qxf2+ 31. Kh3 Qxf3 32. Qc2 g6 33. Kh4 g5+ 34. Kh3 Kg7 0-1

[Event "*** Titled Tuesday Blitz"]
[Site "Chess.com"]
[Date "2021.03.02"]
[Round "5"]
[White "masrahi"]
[Black "gisela_roque"]
[Result "1-0"]
[WhiteElo "2224"]
[BlackElo "1742"]
[TimeControl "180+1"]
[EndTime "10:53:57 PST"]
[Termination "masrahi won by resignation"]

1. d4 e6 2. Nf3 Nf6 3. g3 c5 4. Bg2 Nc6 5. O-O cxd4 6. Nxd4 Nxd4 7. Qxd4 Be7 8. c4 O-O 9. Nc3 d6 10. b3 a6 11. Bb2 Rb8 12. Rfd1 Bd7 13. Ne4 e5 14.
Nxf6+ gxf6 15. Qd3 Bc6 16. Ba3 Bxg2 17. Kxg2 Qb6 18.
Bxd6 Rfd8 19. c5 Qc6+ 20. Qf3 Qxf3+ 21. Kxf3 Bxd6 22. cxd6 Rd7 23. Rd5 Rbd8 24. Rad1 Kg7 25. Ke4 Kg6 26. g4 Rh8 27. h3 h5 28. e3 hxg4 29.
hxg4 Rh2 30. f4 exf4 31. exf4 Rxa2 32. Rc5 Re2+ 33. Kf3 Rb2 34. Rd3 b6 35. Rc7 Rd8 36.
d7 1-0

[Event "*** Titled Tuesday Blitz"]
[Site "Chess.com"]
[Date "2021.03.02"]
[Round "5"]
[White "jacky72"]
[Black "skoularikii"]
[Result "1-0"]
[WhiteElo "2696"]
[BlackElo "2525"]
[TimeControl "180+1"]
[EndTime "10:54:00 PST"]
[Termination "jacky72 won on time"]

1. d4 d5 2. c4 c6 3. Nf3 Nf6 4. Nc3 e6 5. cxd5 cxd5 6. Bg5 Be7 7. e3 Nc6 8. Bd3 O-O 9. O-O h6 10. Bh4 Nd7 11. Bg3 a6 12. Rc1 f5 13. Na4 Nb4 14.
Bb1 b5 15. Nc5 Nxc5 16. dxc5 Bd7 17. Ne5 Nc6 18. Ng6 Re8 19. a3 Bf6 20. Qe2 e5 21. b4 Kh7 22. Qh5 e4 23. Rfd1 Be6 24. Nf4 Qd7 25. Ba2 Bf7 26. Qe2 Ne7 27. c6 Qa7 28. Nxd5 Nxd5 29. Bxd5 Bg6 30. c7 Rac8 31. h4 Re7 32. h5 Be8 33. Bc6 Bf7 34. Bd5 Be8 35. Qa2 Be5 36. Be6 Rcxc7 37. Bxf5+ 1-0

[Event "*** Titled Tuesday Blitz"]
[Site "Chess.com"]
[Date "2021.03.02"]
[Round "5"]
[White "The_Machine04"]
[Black "LEGENYA1998"]
[Result "1-0"]
[WhiteElo "2427"]
[BlackElo "2244"]
[TimeControl "180+1"]
[EndTime "10:54:00 PST"]
[Termination "The_Machine04 won by resignation"]

1. d4 Nf6 2. Bg5 e6 3. Nd2 h6 4. Bh4 d5 5. e3 Bd6 6. f4 Nbd7 7. Bd3 b6 8. Ngf3 Bb7 9. Ne5 O-O 10. c3 Qc8 11.
Qf3 c5 12. g4 Ne8 13. g5 hxg5 14. Bxg5 f5 15. O-O-O Nef6 16. Rdg1 Re8 17. h4 Ne4 18. h5 Nxe5 19. fxe5 Be7 20. Bxe4 dxe4 21. Qg3 Qc7 22. h6 cxd4 23. Bf6 Bxf6 24. exf6 Qxg3 25. Rxg3 1-0

[Event "*** Titled Tuesday Blitz"]
[Site "Chess.com"]
[Date "2021.03.02"]
[Round "5"]
[White "Chimpinha"]
[Black "dodorox"]
[Result "1-0"]
[WhiteElo "2407"]
[BlackElo "2152"]
[TimeControl "180+1"]
[EndTime "10:54:00 PST"]
[Termination "Chimpinha won on time"]

1. d4 Nf6 2. c4 e6 3. Nc3 d5 4. cxd5 exd5 5. Bg5 Be7 6. e3 c6 7. Bd3 h6 8. Bh4 Nbd7 9. Nge2 Nh5 10. Bxe7 Qxe7 11.
O-O O-O 12. Qc2 g6 13. Rae1 Ng7 14. Ng3 Nf6 15. f3 Qd6 16. Qf2 Nfh5 17. Nge2 Re8 18. e4 Nf4 19. Nxf4 Qxf4 20. e5 Bf5 21. g3 Qg5 22. f4 Qd8 23. Bxf5 gxf5 24. Nd1 Qb6 25.
Kh1 Ne6 26. Ne3 Nxd4 27. Rd1 Kh7 28. Nxf5 Nxf5 29. Qc2 1-0

[Event "*** Titled Tuesday Blitz"]
[Site "Chess.com"]
[Date "2021.03.02"]
[Round "5"]
[White "bakki78"]
[Black "jefferyx"]
[Result "1/2-1/2"]
[WhiteElo "2790"]
[BlackElo "3016"]
[TimeControl "180+1"]
[EndTime "10:54:01 PST"]
[Termination "Game drawn by agreement"]

1. e4 e6 2. d4 d5 3. Nd2 c5 4. exd5 Qxd5 5. Ngf3 cxd4 6. Bc4 Qd7 7. O-O Nc6 8. Nb3 Nf6 9. Nbxd4 Nxd4 10. Nxd4 a6 11.
c3 Qc7 12. Bd3 Bd6 13. Nf3 Bd7 14. Qe2 Bc6 15. h3 O-O-O 16. Re1 Bxf3 17. Qxf3 Rd7 18. Bc2 Rhd8 19. Bg5 Be7 20. Rad1 h6 21. Bc1 Qc4 22. Rxd7 Rxd7 23. Bb3 Qb5 24. Rd1 Rxd1+ 25. Qxd1 Qe5 26. Be3 Bc5 27. Bxc5 Qxc5 28. Qe2 Kc7 29. Qc4 Qxc4 30. Bxc4 Ne4 31. Bd3 Nc5 32. Bc2 Kd6 33. Kf1 f5 34. Ke2 g6 35. b4 Nd7 36. Ke3 e5 37. g4 fxg4 38. hxg4 g5 39. c4 Nf6 40. Bf5 b6 41. a3 Kc6 42. f3 Kd6 43. Kd3 Kc6 1/2-1/2

[Event "*** Titled Tuesday Blitz"]
[Site "Chess.com"]
[Date "2021.03.02"]
[Round "5"]
[White "Gabrielian_Artur"]
[Black "Trankuilizer"]
[Result "1-0"]
[WhiteElo "2791"]
[BlackElo "2568"]
[TimeControl "180+1"]
[EndTime "10:54:02 PST"]
[Termination "Gabrielian_Artur won by resignation"]

1. e4 e5 2. Nc3 Nf6 3. g3 Bc5 4. Bg2 O-O 5. Nge2 Nc6 6. O-O a6 7. d3 h6 8. h3 d6 9. Kh2 Nd4 10. f4 Nxe2 11. Qxe2 exf4 12. Bxf4 Be6 13. Qd2 Nh7 14. Rae1 Bd4 15. Nd1 a5 16. c3 Be5 17.
d4 Bxf4 18. gxf4 Bxa2 19. Ne3 Kh8 20. e5 c6 21. Qf2 f5 22. Qg3 dxe5 23. dxe5 Be6 24.
Rd1 Qe7 25. Rd6 Rfd8 26. Rfd1 Rxd6 27. exd6 Qf7 28. c4 Nf6 29. Qe1 Bxc4 30. d7 Be6 31. d8=Q+ 1-0

[Event "*** Titled Tuesday Blitz"]
[Site "Chess.com"]
[Date "2021.03.02"]
[Round "5"]
[White "Aisen1011"]
[Black "ZiggyStardust64"]
[Result "0-1"]
[WhiteElo "2237"]
[BlackElo "2631"]
[TimeControl "180+1"]
[EndTime "10:54:02 PST"]
[Termination "ZiggyStardust64 won on time"]

1. d4 Nf6 2. c4 b6 3. Nc3 Bb7 4.
d5 e6 5. e4 Bb4 6. Qc2 Qe7 7. Be2 exd5 8. exd5 Qe4 9. Qxe4+ Nxe4 10. Bd2 Bxc3 11. Bxc3 Nxc3 12. bxc3 O-O 13. Kd2 Na6 14.
Nf3 Nc5 15. Bd3 a5 16. Rhe1 Rfe8 17. Ne5 Ba6 18. Re3 f6 19. Nf3 Rxe3 20. fxe3 Re8 21. Nd4 Nb7 22. Bf5 Re7 23. Bd3 g6 24. Rb1 Kg7 25.
h4 Re5 26. g4 Nd6 27. Nb5 Bxb5 28. cxb5 Rxd5 29. Ke2 Rc5 30. Kd2 Nc4+ 31. Ke2 Ne5 32.
g5 Rxc3 33. Be4 f5 34. Bd5 Ng4 35. e4 fxe4 36. Kd2 Rd3+ 0-1

[Event "*** Titled Tuesday Blitz"]
[Site "Chess.com"]
[Date "2021.03.02"]
[Round "5"]
[White "Heretoflag"]
[Black "FMOlexandrProhorov"]
[Result "0-1"]
[WhiteElo "2244"]
[BlackElo "2100"]
[TimeControl "180+1"]
[EndTime "10:54:02 PST"]
[Termination "FMOlexandrProhorov won on time"]

1. d4 Nf6 2. c4 c5 3. d5 b5 4.
cxb5 a6 5. f3 Qa5+ 6. Bd2 Qb6 7.
e4 axb5 8. a4 bxa4 9. Rxa4 Rxa4 10. Qxa4 Qxb2 11. Nc3 g6 12. Bb5 Bg7 13. Qa8 O-O 14.
Qxb8 Nh5 15. Nge2 d6 16. Qa7 f5 17. Qa2 Qb4 18. O-O fxe4 19. fxe4 Rxf1+ 20. Kxf1 Bg4 21. Qc4 Qb2 22. h3 Bxe2+ 23. Qxe2 Ng3+ 0-1

[Event "*** Titled Tuesday Blitz"]
[Site "Chess.com"]
[Date "2021.03.02"]
[Round "5"]
[White "Alex-11211"]
[Black "AttilaTurzo"]
[Result "0-1"]
[WhiteElo "2362"]
[BlackElo "2545"]
[TimeControl "180+1"]
[EndTime "10:54:03 PST"]
[Termination "AttilaTurzo won on time"]

1. e4 c5 2. Nf3 Nc6 3. Bb5 Qc7 4.
O-O e6 5. c3 Nf6 6. Re1 a6 7.
Ba4 d5 8. exd5 Nxd5 9. d4 cxd4 10. Nxd4 Be7 11. Nxc6 bxc6 12. c4 Nf6 13. Bf4 Qb6 14.
Bd6 Ra7 15. c5 Qb7 16. Bxe7 Qxe7 17. Bxc6+ Bd7 18. Bf3 Qxc5 19. Nc3 O-O 20. Rc1 Qb4 21. Qe2 Rb8 22. b3 a5 23. Red1 Be8 24. Qd2 Rc7 25.
h3 Rbc8 26. Ne2 Qxd2 0-1

[Event "*** Titled Tuesday Blitz"]
[Site "Chess.com"]
[Date "2021.03.02"]
[Round "5"]
[White "AtabayevSaparmyrat"]
[Black "nocnypako"]
[Result "1-0"]
[WhiteElo "2739"]
[BlackElo "2553"]
[TimeControl "180+1"]
[EndTime "10:54:04 PST"]
[Termination "AtabayevSaparmyrat won by resignation"]

1. e4 e6 2. d4 d5 3. Nc3 Bb4 4. exd5 exd5 5. Nf3 Ne7 6. Bd3 Bf5 7. Bf4 c6 8. O-O Bxd3 9. Qxd3 O-O 10. Rfe1 Ng6 11. Bg3 Nd7 12. h4 Nf6 13. Ng5 Qd7 14. a3 Bxc3 15. Qxc3 h6 16. Nf3 Ne4 17. Qd3 Qg4 18.
Nh2 Qf5 19. Re2 Nxg3 20. Qxg3 Rfe8 21. Rae1 Rxe2 22. Rxe2 Qd7 23. h5 Nf8 24. Ng4 Nh7 25. Nxh6+ Kf8 26. Ng4 Ng5 27. h6 gxh6 28. Nxh6 Rd8 29.
Qxg5 1-0

[Event "*** Titled Tuesday Blitz"]
[Site "Chess.com"]
[Date "2021.03.02"]
[Round "5"]
[White "WilliamSchill"]
[Black "Piccadilly123"]
[Result "0-1"]
[WhiteElo "2098"]
[BlackElo "2259"]
[TimeControl "180+1"]
[EndTime "10:54:04 PST"]
[Termination "Piccadilly123 won on time"]

1. e4 e6 2. d4 d5 3. Nc3 Bb4 4. e5 c5 5. a3 Bxc3+ 6. bxc3 Ne7 7. Qg4 Qc7 8. Bd3 cxd4 9. Ne2 Qxe5 10. cxd4 h5 11. Qg3 Qxg3 12. hxg3 Nbc6 13. g4 g6 14. gxh5 Rxh5 15. Rxh5 gxh5 16. Bf4 f6 17. Kd2 e5 18.
dxe5 fxe5 19. Bg5 a6 20. Rh1 e4 21. Rxh5 exd3 22. cxd3 Rb8 23. Bf4 Ra8 24. Rh8+ Kf7 25. f3 b5 26. g4 Bb7 27. Rxa8 Bxa8 0-1

[Event "*** Titled Tuesday Blitz"]
[Site "Chess.com"]
[Date "2021.03.02"]
[Round "5"]
[White "Grineva_Marianna"]
[Black "indfraeng"]
[Result "0-1"]
[WhiteElo "2224"]
[BlackElo "2396"]
[TimeControl "180+1"]
[EndTime "10:54:05 PST"]
[Termination "indfraeng won by resignation"]

1. e4 e5 2. Nf3 Nc6 3. Bb5 a6 4. Ba4 Nf6 5. O-O b5 6. Bb3 Bc5 7. d3 d6 8. c3 O-O 9. h3 Bb7 10. Qe2 Re8 11. Nbd2 Ne7 12. Rd1 Ng6 13. Nf1 d5 14.
Be3 Bxe3 15. Qxe3 Qe7 16. Ng3 c5 17. Nf5 Qc7 18. exd5 Nxd5 19. Qg5 h6 20. Qd2 c4 21. dxc4 bxc4 22. Ba4 Red8 23. Qc2 Ndf4 24. N3h4 Nxh4 25. Nxh4 Qe7 26. Nf5 Qg5 27. f3 Bxf3 28. Ne3 Ne2+ 29.
Kf2 Bh5 30. Nf1 Qf4+ 31. Ke1 Nd4 32. cxd4 exd4 33. Qxc4 Re8+ 34. Bxe8 Rxe8+ 35. Ne3 Qxe3+ 36. Kf1 Be2+ 37. Qxe2 Qxe2+ 38. Kg1 d3 39. b4 d2 40. Kh2 Qe5+ 41. Kh1 Qxa1 42. Rxa1 Re1+ 43. Kh2 0-1

[Event "*** Titled Tuesday Blitz"]
[Site "Chess.com"]
[Date "2021.03.02"]
[Round "5"]
[White "kobemagic"]
[Black "Kretov_Evgenij"]
[Result "0-1"]
[WhiteElo "2410"]
[BlackElo "2598"]
[TimeControl "180+1"]
[EndTime "10:54:07 PST"]
[Termination "Kretov_Evgenij won by resignation"]

1. c4 Nf6 2. g3 c5 3. Bg2 e6 4. Nf3 Nc6 5. O-O b6 6. b3 Bb7 7. Bb2 Qc7 8. Nc3 a6 9. e3 Rd8 10. d4 cxd4 11. exd4 d5 12. cxd5 Nxd5 13. Nxd5 Rxd5 14.
Rc1 Qd7 15. Qe2 Be7 16. Rfd1 O-O 17. Ne5 Nxe5 18. dxe5 Rxd1+ 19. Rxd1 Qc7 20. Rc1 Qb8 21. Bxb7 Qxb7 22. Qc4 Qf3 23. Bd4 b5 24. Qc7 Ba3 25. Qc3 Qxc3 26. Rxc3 Bb2 27. Rc6 Bxd4 28. Rxa6 Bxe5 29.
Rb6 Rb8 30. Rxb8+ Bxb8 31. Kf1 Kf8 32. Ke2 Ke7 33. Kd3 Kd6 0-1

[Event "*** Titled Tuesday Blitz"]
[Site "Chess.com"]
[Date "2021.03.02"]
[Round "5"]
[White "manipun1"]
[Black "Fortitudine"]
[Result "1-0"]
[WhiteElo "2231"]
[BlackElo "2316"]
[TimeControl "180+1"]
[EndTime "10:54:07 PST"]
[Termination "manipun1 won by resignation"]

1. e4 c5 2. Nf3 d6 3. Bb5+ Nd7 4. O-O Nf6 5. Re1 a6 6. Bf1 e6 7. a4 Be7 8. c3 O-O 9. d4 Qc7 10. Na3 b6 11. Nc4 Bb7 12. e5 dxe5 13. dxe5 Nd5 14. Bg5 Bxg5 15. Nxg5 h6 16. Ne4 Ne7 17.
Ned6 Bd5 18. b3 Ng6 19. a5 b5 20. Nb6 Nxb6 21. axb6 Qxb6 22. c4 Bc6 23. Qg4 Qc7 24. f4 bxc4 25. bxc4 a5 26. Bd3 Ne7 27. Re3 g6 28. Rh3 Kg7 29. Qh4 Ng8 30. Rg3 Rad8 31. f5 exf5 32. Nxf5+ Kh7 33. Nxh6 Nxh6 34. Rh3 Rh8 35.
Qxh6+ 1-0

[Event "*** Titled Tuesday Blitz"]
[Site "Chess.com"]
[Date "2021.03.02"]
[Round "5"]
[White "Herman-NY"]
[Black "HouseOfDurin"]
[Result "1-0"]
[WhiteElo "2472"]
[BlackElo "2177"]
[TimeControl "180+1"]
[EndTime "10:54:08 PST"]
[Termination "Herman-NY won by resignation"]

1. e4 c5 2. Nf3 Nc6 3. d4 cxd4 4.
Nxd4 e5 5. Nb5 d6 6. c4 Be6 7.
N1c3 a6 8. Na3 Rc8 9. Be3 Nf6 10.
Be2 Be7 11. O-O O-O 12. Nc2 Na5 13. Na3 Nxc4 14. Nxc4 Bxc4 15. Bxc4 Rxc4 16. Qd3 Qc7 17. Bg5 Rc8 18. Bxf6 Bxf6 19. Nd5 Qd8 20. Rfe1 Rd4 21.
Qb3 b5 22. a4 b4 23. a5 Bg5 24. g3 Bd2 25. Re2 h6 26. Nb6 Rc1+ 27. Rxc1 Bxc1 28. Rc2 Rd1+ 29. Kg2 Qf6 30. Rc8+ Kh7 31. Qxd1 Bxb2 32. Qf3 Qe7 33. Nd5 Qb7 34. Qf5+ g6 35. Nf6+ 1-0

[Event "*** Titled Tuesday Blitz"]
[Site "Chess.com"]
[Date "2021.03.02"]
[Round "5"]
[White "bazar-wokzal"]
[Black "AsaHoffmann"]
[Result "1/2-1/2"]
[WhiteElo "2510"]
[BlackElo "2302"]
[TimeControl "180+1"]
[EndTime "10:54:08 PST"]
[Termination "Game drawn by agreement"]

1. g4 d6 2. Bg2 c5 3. d4 cxd4 4. Qxd4 Nc6 5. Bxc6+ bxc6 6. Nf3 Qb6 7. Nc3 Qxd4 8.
Nxd4 Bd7 9. g5 e5 10. Nb3 Ne7 11. f4 f6 12. gxf6 gxf6 13. Ne4 Nd5 14. c4 Nxf4 15.
Bxf4 exf4 16. Nxf6+ Ke7 17. Nxd7 Kxd7 18. O-O-O Kc7 19.
Nd4 Re8 20. Kc2 Bg7 21. Rhe1 Re4 22. Nf5 Bf8 23. Kd3 Re5 24. e4 fxe3 25. Nxe3 Bg7 26. Rf1 Rhe8 27. Rf7+ Kb6 28. c5+ Kxc5 29. b4+ Kb5 30.
a4+ Ka6 31. b5+ cxb5 32. axb5+ Kxb5 33. Rb1+ Kc6 34. Rc1+ Kb5 35. Rxg7 Rxe3+ 36. Kd4 a5 37. Rxh7 R8e5 38. Rb1+ Ka4 39. Rhb7 R3e4+ 40. Kd3 Re3+ 41. Kd4 R3e4+ 42. Kd3 Re3+ 1/2-1/2